 Dungeon Crawl Stone Soup version 0.28-a0-268-g3f656e82c2 (webtiles) character file.

Game seed: 12895813174779684266

3147 speeev33 the Fighter (level 9, -8/85 HPs)
             Began as a Minotaur Berserker on Aug 28, 2021.
             Was an Elder of Trog.
             Killed from afar by a Hell Sentinel (38 damage)
             ... with an iron shot
             ... on level 2 of the Abyss.
             The game lasted 00:21:28 (8631 turns).

speeev33 the Fighter (Minotaur Berserker)           Turns: 8631, Time: 00:21:29

Health: -8/85      AC: 15    Str: 26    XL:     9   Next: 62%
Magic:  8/8        EV:  8    Int:  4    God:    Trog [****..]
Gold:   428        SH:  0    Dex:  9    Spells: 8/8 levels left

rFire   . . .      SeeInvis .   a - +4 halberd (freeze)
rCold   . . .      Faith    .   (shield currently unavailable)
rNeg    . . .      Spirit   .   g - +1 plate armour
rPois   .          Reflect  .   (helmet restricted)
rElec   .          Harm     .   (no cloak)
rCorr   .          Rampage  .   (no gloves)
Will    .....                   (no boots)
Stlth   ..........              A - amulet of regeneration
HPRegen 1.24/turn               (no ring)
MPRegen 0.11/turn               (no ring)

@: no status effects
A: horns 2, retaliatory headbutt
a: Renounce Religion, Berserk, Trog's Hand, Brothers in Arms


You were on level 2 of the Abyss.
You worshipped Trog.
Trog was greatly pleased with you.
You visited 1 branch of the dungeon, and saw 9 of its levels.
You visited the Abyss 1 time.

You collected 428 gold pieces.

Inventory:

Hand Weapons
 a - a +4 halberd of freezing (weapon)
 b - the +6 great mace "Molyqaet" {freeze, Will++}
   (You took it off an orc on level 8 of the Dungeon)

   It freezes those it strikes, dealing additional cold damage.
   It can also slow down cold-blooded creatures.
   Will:      It greatly increases your willpower.
 f - a +1 glaive
Missiles
 k - 4 javelins
 n - 3 boomerangs
 p - 3 boomerangs of dispersal
 r - 10 poisoned darts
Armour
 g - a +1 plate armour (worn)
 q - a +0 buckler
Jewellery
 A - an amulet of regeneration (around neck)
Wands
 l - a wand of flame (55)
 s - a wand of charming (3)
Scrolls
 c - 3 scrolls of enchant armour
 e - a scroll of blinking
 m - a scroll of teleportation
 u - 2 scrolls of fog {unknown}
 w - 3 scrolls of enchant weapon
 y - a scroll of vulnerability {unknown}
Potions
 d - 3 potions of flight
 h - a potion of attraction
 i - 2 potions of heal wounds {unknown}
 j - a potion of cancellation {unknown}
 o - a potion of degeneration
 t - a potion of brilliance {unknown}
 v - 2 potions of might
 x - 2 potions of berserk rage {unknown}
 z - 4 potions of curing


   Skills:
 + Level 10.1 Fighting
 + Level 10.1 Polearms
 + Level 9.5 Armour
 - Level 2.1 Dodging


You had 8 spell levels left.
You didn't know any spells.
Your spell library was empty.

Dungeon Overview and Level Annotations

Branches:
Dungeon (9/15)             Temple (0/1) D:6
   Lair: D:8-11         Orc: D:9-12

Altars:
Cheibriados
Gozag
Kikubaaqudgha
Qazlal
Ru
Sif Muna
Vehumet
Zin

Shops:
D:3 =   D:5 =

Annotations:
D:8 3 runed translucent doors
D:9 Erolcha


Innate Abilities, Weirdness & Mutations

You have a pair of horns on your head.
You reflexively headbutt those who attack you in melee.


Message History

Deactivating autopickup; reactivate with Ctrl-A.
You barely miss something. You headbutt something.
You hear some strange, mumbled words.
You are cast into the Abyss!
To return, you must find a gate leading back.
Killing monsters will force the Abyss to allow you passage.
This branch contains the abyssal rune of Zot.
Reactivating autopickup.
Found a scroll labelled FOTIOD SIMYKK.
u - 2 scrolls labelled FOTIOD SIMYKK (gained 1)
Found a scroll of amnesia.
The Hell Sentinel roars!
Your plate armour prevents you from hitting the wight.
You headbutt the wight, but do no damage.
A smoke demon comes into view.
The wight hits you but does no damage.
The smoke demon roars!
You hit the wight but do no damage. You headbutt the wight!
The wight is almost destroyed.
The wight misses you. You furiously retaliate!
You headbutt the wight. The wight barely misses you. You furiously retaliate!
You headbutt the wight.
You destroy the wight!
Trog accepts your kill. The smoke demon gestures at you.
The ball of steam hits you! The Hell Sentinel gestures at you.
The iron shot hits you!!!
Ouch! That really hurt!
Found 25 gold pieces.
The smoke demon gestures at you.
The ball of steam hits you but does no damage.
You are engulfed in a cloud of scalding steam.
* * * LOW HITPOINT WARNING * * *
Found 30 gold pieces.
You are engulfed in a cloud of scalding steam.
* * * LOW HITPOINT WARNING * * *
You are engulfed in a cloud of scalding steam.
The Hell Sentinel gestures at you. The iron shot hits you!!!
You die...

......#....#......
..#.#.##....... #
. ##..#.....# # #
#. #.3..#.####.#
#...##..#.....$.
$... #..1#..## .#.
..#. ###.#.#.#....
# #...#...#
#.##.@..#.
###.##..# #.# ...#
## #.... ..### ###


You could see a Hell Sentinel and a smoke demon.

Vanquished Creatures
  A hornet (D:4)
  A steam dragon (D:8)
  Duvessa (D:5)
  2 black bears
  A sky beast (D:6)
  An orc warrior (D:5)
  An ice beast (D:5)
  A necrophage (D:5)
  A centaur (D:8)
  3 ogres
  A phantom (D:6)
  A kobold brigand (D:8)
  2 bullfrogs
  A scorpion (D:5)
  A wyvern zombie (D:6)
  Dowan (D:5)
  A water moccasin zombie (D:5)
  A water moccasin skeleton (D:5)
  9 wights
  A bullfrog zombie (D:6)
  A centaur skeleton (D:5)
  A centaur zombie (D:6)
  A jelly (D:4)
  2 hounds (D:5)
  3 orc priests
  2 gnoll shamans
  2 iguanas
  7 orc wizards
  A killer bee zombie (D:7)
  A hound skeleton (D:2)
  3 howler monkey zombies (D:7)
  11 gnolls
  2 howler monkey skeletons
  4 adders
  2 shadow imps
  A white imp (D:5)
  An ufetubus (D:5)
  An adder skeleton (D:4)
  A worm (D:3)
  5 dart slugs
  22 orcs
  6 ball pythons
  6 bats
  3 endoplasms
  3 giant cockroaches
  4 goblins
  10 hobgoblins
  4 jackals
  A quokka (D:1)
  7 kobolds
  6 rats
156 creatures vanquished.

Vanquished Creatures (others)
  5 fungi (D:4)
  8 plants (D:2)
13 creatures vanquished.

Grand Total: 169 creatures vanquished

Notes
Turn   | Place    | Note
-------+----------+-------------------------------------------
     0 | D:1      | speeev33 the Minotaur Berserker began the quest for the
                  | Orb.
     0 | D:1      | Reached XP level 1. HP: 19/19 MP: 0/0
    52 | D:1      | Found a faded altar of an unknown god.
   338 | D:1      | Reached XP level 2. HP: 21/27 MP: 1/1
   996 | D:2      | Reached XP level 3. HP: 30/34 MP: 2/2
  1096 | D:2      | Reached ** piety under Trog
  1657 | D:3      | Reached XP level 4. HP: 40/41 MP: 3/3
  1664 | D:3      | Found Wyimn's Jewellery Emporium.
  2008 | D:3      | Reached skill level 5 in Fighting
  2008 | D:3      | Reached skill level 5 in Polearms
  2009 | D:3      | Reached XP level 5. HP: 7/48 MP: 4/4
  2014 | D:3      | HP: 2/48 [poisoned by an orc wizard]
  2871 | D:4      | Noticed a black bear
  2877 | D:4      | Noticed a hornet
  2917 | D:4      | Found a stormy altar of Qazlal.
  3034 | D:4      | Upgraded the game from 0.28-a0-265-g048bc9fd10 to
                  | 0.28-a0-268-g3f656e82c2
  3100 | D:4      | Killed a black bear
  3218 | D:4      | Reached XP level 6. HP: 30/57 MP: 5/5
  3384 | D:4      | Reached *** piety under Trog
  3567 | D:4      | Killed a hornet
  3568 | D:4      | Reached skill level 5 in Armour
  3568 | D:4      | Reached XP level 7. HP: 46/64 MP: 6/6
  3887 | D:5      | Entered Level 5 of the Dungeon
  4196 | D:5      | Identified the +0 leather armour of the Tundras {Int+4}
  4213 | D:5      | Found Feihasur's Jewellery Shoppe.
  4283 | D:5      | Reached XP level 8. HP: 48/73 MP: 7/7
  4655 | D:5      | Noticed Duvessa
  4668 | D:5      | Noticed Dowan
  4670 | D:5      | Killed Duvessa
  4673 | D:5      | Killed Dowan
  5349 | D:6      | Found a staircase to the Ecumenical Temple.
  5403 | D:6      | Found a snail-covered altar of Cheibriados.
  5403 | D:6      | Found an opulent altar of Gozag.
  5778 | D:6      | You fall into a shaft and drop 3 floors!
  5941 | D:7      | Reached XP level 9. HP: 76/83 MP: 8/8
  6956 | D:7      | Reached **** piety under Trog
  7116 | D:7      | Found a sacrificial altar of Ru.
  7116 | D:7      | Found a glowing silver altar of Zin.
  7678 | D:8      | Found an ancient bone altar of Kikubaaqudgha.
  7679 | D:8      | Found a radiant altar of Vehumet.
  7681 | D:8      | Found a shimmering blue altar of Sif Muna.
  7780 | D:8      | Found a runed translucent gate.
  7780 | D:8      | Found a runed translucent gate.
  7781 | D:8      | Found a runed translucent gate.
  7782 | D:8      | Noticed a white ugly thing
  7782 | D:8      | Noticed a purple ugly thing
  7783 | D:8      | Noticed a red ugly thing
  7901 | D:8      | Identified the +6 great mace "Molyqaet" {freeze, Will++}
  7912 | D:8      | Reached skill level 10 in Fighting
  7924 | D:8      | Reached skill level 10 in Polearms
  8560 | D:9      | Noticed Erolcha
  8592 | D:9      | Cast into level 2 of the Abyss (Erolcha)
  8617 | Abyss:2  | Noticed a Hell Sentinel
  8618 | Abyss:2  | Noticed a smoke demon
  8631 | Abyss:2  | Killed from afar by a Hell Sentinel

Illustrated notes

Levels and vault maps discovered:
D:1:      dpeg_arrival_more_subterranean_lakeside_camping, layout_loops_ring,
          basic_ecumenical_altar
D:2:      layout_basic, serial_bayou_pond_b, minmay_misc_feat_secret_circle,
          serial_bayou_lagoon_a, grunt_ministairs_6
D:3:      minmay_evil_eye, layout_basic, serial_shops,
          nicolae_shop_behind_doors, minmay_misc_feat_more_columns
D:4:      layout_rooms, mainiacjoe_overflow_boulevard, serial_aquarium,
          aquarium_bridge_island_small [aquarium_subvault_small_water,
          aquarium_subvault_wall, aquarium_subvault_window,
          aquarium_subvault_wall, aquarium_subvault_bridge], aquarium_window_2,
          aquarium_window_2, aquarium_view_2d, aquarium_view_2b
D:5:      layout_basic, grunt_ministairs_7, chequers_decorated_corner,
          kennysheep_small_circle, uniq_duvessa
D:6:      layout_cave_pools, mainiacjoe_overflow_divided_tiny,
          minmay_temple_entry_statues_fountains, chequers_arboretum
D:7:      layout_loops_ring, mainiacjoe_overflow_large_starburst
D:8:      layout_rooms, grunt_temple_overflow_magic_moments,
          ploomutoo_gammafunk_ghost_potion_laboratory
D:9:      minmay_twisted_water, layout_irregular_city, serial_ice, serial_ice_a,
          serial_ice_l, serial_ice_n, serial_ice_c, corner_web_ring,
          uniq_erolcha
Abyss:2:  base: D:2, base: D:4, evilmike_abyss_exit_10

Skill      XL: |  1  2  3  4  5  6  7  8  9 |
---------------+----------------------------+-----
Fighting       | 4 5 6 7 9 10 | 10.1
Polearms       | 4 5 6 7 9 10 | 10.1
Armour         | 3 4 5 6 8 9 |  9.5
Dodging        | |  2.1

Action                   |  1- 3 |  4- 6 |  7- 9 || total
-------------------------+-------+-------+-------++-------
Melee: Spear             |    39 |       |       ||    39
       Headbutt          |    14 |     7 |    42 ||    63
       Glaive            |    37 |    81 |   129 ||   247
       Halberd           |       |       |    92 ||    92
Invok: Berserk           |       |     3 |     2 ||     5
  Use: Scroll            |     6 |     3 |     5 ||    14
Armor: Leather armour    |     2 |       |       ||     2
       Chain mail        |     2 |       |       ||     2
       Plate armour      |    29 |    56 |   155 ||   240
Dodge: Dodged            |    29 |    32 |    86 ||   147

Table legend: (Time is in decaauts)
 A = Elapsed time spent in this place.
 B = Non-inter-level travel time spent in this place.
 C = Inter-level travel time spent in this place.
 D = Time resting spent in this place.
 E = Time spent auto-exploring this place.
 F = Levels seen in this place.
 G = Mean time per level.
                   A        B        C        D        E       F      G
               +--------+--------+--------+--------+--------+-----+--------+
         Total |   8782 |   8391 |    391 |   2925 |   2813 |  10 |  878.2 |
       Dungeon |   8744 |   8353 |    391 |   2925 |   2813 |   9 |  971.6 |
         Abyss |     38 |     38 |      0 |      0 |      0 |   1 |   38.0 |
               +--------+--------+--------+--------+--------+-----+--------+

Top non-repeatable levels by time:
     D:5: 1439 daAuts
     D:3: 1141 daAuts
     D:7: 1121 daAuts
     D:8: 1115 daAuts
     D:4: 1023 daAuts
     D:6: 974 daAuts
     D:2: 930 daAuts
     D:1: 886 daAuts
     D:9: 110 daAuts
 Abyss:2: 38 daAuts
